 Dungeon Crawl Stone Soup version 0.18.1-5-g4a78601 (webtiles) character file.

226 Etesian the Covert (level 5, 0/25 HPs)
             Began as a Spriggan Assassin on May 13, 2016.
             Slain by a giant frog (5 damage)
             ... on level 3 of the Dungeon.
             The game lasted 00:07:43 (3174 turns).

Etesian the Covert (Spriggan Assassin)              Turns: 3174, Time: 00:07:44

Health: 0/25       AC:  3    Str:  7    XL:     5   Next: 69%
Magic:  6/6        EV: 22    Int: 12    God:
Gold:   223        SH:  0    Dex: 19    Spells: 0 memorised, 4 levels left

rFire  . . .     SeeInvis +     b - +0 blowgun
rCold  . . .     Gourm    .     c - +0 robe
rNeg   . . .     Faith    .     (shield restricted)
rPois  .         Spirit   .     (helmet restricted)
rElec  .         Dismiss  .     d - +0 cloak
rCorr  .         Reflect  .     (gloves unavailable)
SustAt .         Harm     .     (boots unavailable)
MR     .....                    (no amulet)
Stlth  +++++.....               (no ring)
                                o - +3 ring of evasion

@: very quick, not resistant to hostile enchantments, quite stealthy
A: unfitting armour, see invisible, herbivore 3, speed 3, slow metabolism 2
a: no special abilities


You were on level 3 of the Dungeon.
You were not hungry.

You visited 1 branch of the dungeon, and saw 4 of its levels.

You collected 223 gold pieces.

Inventory:

Hand Weapons
 a - a +2 dagger
 b - a +0 blowgun (weapon)
Missiles
 e - 26 poisoned needles (quivered)
 f - 7 curare-tipped needles
Armour
 c - a +0 robe (worn)
 d - a +0 cloak (worn)
Jewellery
 o - a +3 ring of evasion (left hand)
Wands
 r - a wand of iceblast (9/15)
Scrolls
 l - 5 scrolls of remove curse
Potions
 h - 3 potions of curing {unknown}
 i - a potion of mutation {unknown}
 j - 3 potions of brilliance
 k - 2 potions of invisibility
 m - 3 potions of heal wounds
 p - a potion of flight {unknown}
 s - a potion of magic {unknown}
Comestibles
 g - 6 bread rations
 n - 5 fruits


   Skills:
 - Level 1.5 Fighting
 + Level 4.1 Short Blades
 - Level 2.0 Throwing
 + Level 3.4 Dodging
 * Level 8.7 Stealth


You had 4 spell levels left.
You didn't know any spells.

Dungeon Overview and Level Annotations

Branches:
Dungeon (4/15)
 Temple: D:4-7

Altars:
Fedhas
Kikubaaqudgha

Annotations:
D:3 Grinder


Innate Abilities, Weirdness & Mutations

You are tiny and cannot use many weapons and most armour.
You have supernaturally acute eyesight.
You are a herbivore.
You cover ground extremely quickly.
You need consume almost no food.


Message History

Press: ? - help, Shift-Dir - straight line, f - giant frog
Aim: a giant frog (moderately wounded)
You shoot a poisoned needle.
The poisoned needle hits the giant frog.
The giant frog is moderately wounded.
The giant frog closely misses you.
You climb upwards.
Level annotation: Grinder
There is a stone staircase leading down here.
Firing (i - inventory. (,) - cycle):
e - 27 poisoned needles (quivered)
Press: ? - help, Shift-Dir - straight line, f - giant frog
Aim: a giant frog (moderately wounded)
You shoot a poisoned needle.
The poisoned needle hits the giant frog.
The giant frog is moderately wounded.
The giant frog hits you. x2
* * * LOW HITPOINT WARNING * * *
You take 9 damage, and have 5/25 hp.
MASSIVE DAMAGE!!
The giant frog hits you.
You die...

##.## ♣.♣♣ ######## ♣♣.♣
#......# ♣.♣♣ ######.# ♣♣.♣
###.### ♣♣.♣♣ #.....# ♣PP.♣
#.....#### ♣♣PP.♣
#........# #....#
#.@...##.# ######..#####
#>F...##.# ..........#.#
########.# #.##.#.#....#
#.# .........#.## #)#
##########.####### ##.##
#...........####...#
#.###.#####.#......########
#.# #.# #.#>............#


You could see a giant frog.

Vanquished Creatures
  An ogre (D:3)
  Crazy Yiuf (D:3)
  Ijyb (D:3)
  2 adders (D:2)
  An ooze (D:1)
  A worm (D:2)
  3 dart slugs
  A giant gecko (D:1)
  An orc (D:3)
  8 bats
  4 giant cockroaches
  7 goblins
  6 hobgoblins
  2 quokkas (D:3)
  A ball python (D:2)
  A giant newt (D:1)
  11 kobolds
  5 rats
  A fungus (D:3)
58 creatures vanquished.

Notes
Turn   | Place    | Note
--------------------------------------------------------------
     0 | D:1      | Etesian the Spriggan Assassin began the quest for the Orb.
     0 | D:1      | Reached XP level 1. HP: 10/10 MP: 2/2
    11 | D:1      | Reached skill level 6 in Stealth
   120 | D:1      | Reached XP level 2. HP: 6/14 MP: 3/3
   855 | D:1      | Reached XP level 3. HP: 17/18 MP: 4/4
  1084 | D:2      | Reached skill level 7 in Stealth
  1673 | D:2      | Reached XP level 4. HP: 22/22 MP: 5/5
  2075 | D:3      | Noticed Ijyb
  2158 | D:3      | Killed Ijyb
  2313 | D:3      | Noticed an ogre
  2358 | D:3      | Noticed Grinder
  2405 | D:3      | Killed an ogre
  2405 | D:3      | Reached skill level 8 in Stealth
  2405 | D:3      | Reached XP level 5. HP: 25/25 MP: 6/6
  2571 | D:3      | Found a blossoming altar of Fedhas.
  2571 | D:3      | Found an ancient bone altar of Kikubaaqudgha.
  2969 | D:3      | Noticed Crazy Yiuf
  2975 | D:3      | Killed Crazy Yiuf
  3174 | D:3      | Slain by a giant frog

Skill      XL: |  1  2  3  4 |
---------------+-------------+-----
Stealth        | 6 7 8 |  8.7
Short Blades   | 3 4 |  4.1
Dodging        | 2 3 |  3.4
Fighting       | |  1.5
Throwing       | |  2.0

Action                   |  1- 3 |  4- 6 || total
-------------------------+-------+-------++-------
Melee: Dagger            |   115 |    57 ||   172
 Fire: Blowgun           |       |     6 ||     6
  Use: Scroll            |     4 |     5 ||     9
 Stab: Sleeping          |    20 |     8 ||    28
       Distracted        |       |     1 ||     1
Armor: Robe              |     6 |       ||     6
Dodge: Dodged            |    73 |    20 ||    93
